 Dungeon Crawl Stone Soup version 0.30-a0-365-ge7f957f1db (webtiles) character file.

Game seed: 9596592544091357498

30 qeuew the Grave Robber (level 3, 25/25 HPs)
             Began as a Vampire Necromancer on Nov 16, 2022.
             Quit the game on level 1 of the Dungeon.
             The game lasted 00:01:24 (1079 turns).

qeuew the Grave Robber (Vampire Necromancer)        Turns: 1079, Time: 00:01:24

Health: 25/25      AC:  3    Str:  7    XL:     3   Next: 5%
Magic:  6/6        EV: 12    Int: 17    God:
Gold:   96         SH:  0    Dex: 16    Spells: 5/6 levels left

rFire   . . .      SeeInvis +    c - +0 dagger
rCold   . . .      Faith    .    (no shield)
rNeg    . . .      Spirit   .    a - +1 robe
rPois   .          Reflect  .    (no helmet)
rElec   .          Harm     .    (no cloak)
rCorr   .          Rampage  .    (no gloves)
Will    .....                    (no boots)
Stlth   ++........               (no amulet)
HPRegen 0.44/turn                (no ring)
MPRegen 0.10/turn                (no ring)

@: healing quickly
A: alive, fangs 3, see invisible, vampiric 2
a: Exsanguinate


You were on level 1 of the Dungeon.
You visited 1 branch of the dungeon, and saw 1 of its levels.

You collected 96 gold pieces.

Inventory:

Hand Weapons
 c - a +0 dagger (weapon)
Armour
 a - a +1 robe (worn)
Potions
 b - a potion of magic
 d - a potion of invisibility {unknown}
 e - a potion of haste {unknown}
 g - a potion of heal wounds {unknown}


   Skills:
 + Level 0.5 Fighting
 + Level 0.5 Short Blades
 + Level 0.4 Armour
 + Level 2.5 Dodging
 + Level 3.5 Stealth
 + Level 2.2 Spellcasting
 + Level 4.6 Necromancy


You had 5 spell levels left.
You knew the following spells:

 Your Spells              Type           Power      Damage    Failure   Level
a - Necrotise             Necr           68%        1d7       2%          1

Your spell library contained the following spells:

 Spells                   Type           Power      Damage    Failure   Level
 Vampiric Draining        Necr           17%        2d7       9%          3
 Animate Dead             Necr           17%        N/A       28%         4
 Agony                    Necr           17%        N/A       61%         5


Dungeon Overview and Level Annotations

Branches:
Dungeon (1/15)

Altars:


Innate Abilities, Weirdness & Mutations

Your natural rate of healing is accelerated.
You have razor-sharp teeth.
You have supernaturally acute eyesight. (SInv)
You are afflicted with vampirism and can become a bat while bloodless.


Message History

You can now turn into a vampire bat when bloodless.
Your magical contamination has completely faded away.
Your goblin skeleton crumbles into dust!
You see here a +0 dagger.
Key pressed, stopping explore.
No target in view!
You can't see any susceptible monsters within range! (Use Z to cast anyway.)
You now have 77 gold pieces (gained 4).
Key pressed, stopping explore.
No target in view!
You can't see any susceptible monsters within range! (Use Z to cast anyway.)
A giant cockroach comes into view.
The giant cockroach writhes in agony.
A giant cockroach is nearby!
The giant cockroach writhes in agony.
You kill the giant cockroach!
No target in view!
You now have 96 gold pieces (gained 19).
Found a mace.
You can't see any susceptible monsters within range! (Use Z to cast anyway.) No target in view!
You see here a +0 mace.
There is a stone staircase leading down here.
Done exploring.
No target in view!
You can't see any susceptible monsters within range! (Use Z to cast anyway.) Done exploring.
No target in view!
You can't see any susceptible monsters within range! (Use Z to cast anyway.) Done exploring.
No target in view!
You can't see any susceptible monsters within range! (Use Z to cast anyway.) No target in view!
Done exploring.
You can't see any susceptible monsters within range! (Use Z to cast anyway.) Done exploring.
As you read the scroll labelled KIVECZ GI RUEMM, it crumbles to dust.
It is a scroll of enchant armour.
Your +0 robe glows green for a moment.
Are you sure you want to abandon this character and quit the game? (Confirm with "yes".)

##.######...#..#...
#.# ###.#..#... #.#
#.#..#... #.#
#.#..#... #.#
#.#...... #.#
#.#..#### #.#
#........
##.##########..####
#.@............# #
#############.## #
#.# # #.# # #.# #
#.# # ###.#####
#........
##.#.#####


There were no monsters in sight!

Vanquished Creatures
  A dart slug (D:1)
  2 bats (D:1)
  2 endoplasms (D:1)
  A giant cockroach (D:1)
  5 goblins (D:1)
  2 hobgoblins (D:1)
  A jackal (D:1)
  4 kobolds (D:1)
  A quokka (D:1)
  A frilled lizard (D:1)
  2 rats (D:1)
22 creatures vanquished.

Vanquished Creatures (collateral kills)
  A jackal (D:1)
1 creature vanquished.

Grand Total: 23 creatures vanquished

Notes
Turn   | Place    | Note
-------+----------+-------------------------------------------
     0 | D:1      | qeuew the Vampire Necromancer began the quest for the Orb.
     0 | D:1      | Reached XP level 1. HP: 13/13 MP: 3/3
   175 | D:1      | Reached XP level 2. HP: 19/19 MP: 1/5
   748 | D:1      | Gained mutation: You are afflicted with vampirism and can
                  | become a bat while bloodless. [Vampire growth]
   748 | D:1      | Reached XP level 3. HP: 25/25 MP: 3/6
  1079 | D:1      | Quit the game

Illustrated notes

Levels and vault maps discovered:
D:1:      lightli_arrival_noodles, layout_basic

Action                   || total
-------------------------++-------
Melee: Unarmed           ||    17
       Bite              ||     4
       Dagger            ||    11
       Punch             ||     1
 Cast: Necrotise         ||    34
  Use: Scroll            ||     1
Armor: Robe              ||     6
Dodge: Dodged            ||    20

Table legend: (Time is in decaauts)
 A = Elapsed time spent in this place.
 B = Non-inter-level travel time spent in this place.
 C = Inter-level travel time spent in this place.
 D = Time resting spent in this place.
 E = Time spent auto-exploring this place.
 F = Levels seen in this place.
 G = Mean time per level.
                   A        B        C        D        E       F      G
               +--------+--------+--------+--------+--------+-----+--------+
         Total |   1078 |   1078 |      0 |      0 |    938 |   1 | 1078.0 |
       Dungeon |   1078 |   1078 |      0 |      0 |    938 |   1 | 1078.0 |
               +--------+--------+--------+--------+--------+-----+--------+

Top non-repeatable levels by time:
     D:1: 1078 daAuts
